AoeStats
← MZTK | GaboxNet .i.

Arabia

508127393Analyzed
1v1 RM · 11d ago on Sep 21, 2026· 46m 17s· 2 players
Game mode
Random Map
Map size
Tiny (2 player)
Population
200
Speed
Normal
Resources
Standard
Victory
Conquest
Starting age
Dark Age
Ending age
Imperial Age
RankedLock teamsTeams togetherTeam positionsShared explorationLock speedFull tech treeHidden civsTurbo modeCheats
Victory
Defeat
🇲🇽 Ethiopians · Mexico
1218
+15
🇵🇪 Franks · Peru
1191
-15
JAGR | Javi
6:13 Loom
9:32 Feudal Age
10:05 Double-Bit Axe
16:15 Wheelbarrow
24:02 Castle Age
23:44 Gold Mining
24:04 Fletching
24:45 Scale Barding Armor
32:18 Town Watch
35:39 Bow Saw
36:49 Hand Cart
40:36 Imperial Age
38:32 Hand Cart
39:25 Chain Barding Armor
39:15 Forging
39:28 Husbandry
40:05 Bodkin Arrow
40:47 Cavalier
40:48 Light Cavalry
41:36 Chivalry
42:46 Iron Casting
MZTK | GaboxNet .i.
1:50 Loom
9:48 Feudal Age
14:45 Double-Bit Axe
17:06 Fletching
22:42 Castle Age
21:07 Padded Archer Armor
21:46 Gold Mining
22:49 Crossbowman
23:25 Bodkin Arrow
23:49 Bow Saw
24:42 Horse Collar
28:19 Forging
28:26 Heavy Plow
29:51 Leather Archer Armor
34:35 Wheelbarrow
38:24 Imperial Age
37:08 Ballistics
38:17 Scale Mail Armor
38:54 Thumb Ring
38:46 Arbalester
39:40 Bracer
41:16 Chemistry
43:15 Two-Man Saw
42:37 Hand Cart
Connection lost

Rejoining the realm…

Still unreachable

The connection could not be restored.

Session expired

The server has moved on; the page needs a fresh start.